 Dungeon Crawl Stone Soup version 0.15-a0-23-gfd8676b (webtiles) character file.

2115 Duskembrace the Summoner (level 8, -10/52 HPs)
             Began as a Vampire Wizard on Mar 31, 2014.
             Was a Believer of Sif Muna.
             Mangled by an orc warrior
             ... wielding a +1,+2 glaive
              (22 damage)
             ... on Level 8 of the Dungeon.
             The game lasted 00:44:39 (10330 turns).

Duskembrace the Summoner (Vampire Wizard)          Turns: 10330, Time: 00:44:42

HP -10/52        AC  4     Str  7      XL: 8   Next: 74%
MP  17/20        EV 12     Int 21      God: Sif Muna [**....]
Gold 398         SH  0     Dex 12      Spells:  5 memorised,  9 levels left

rFire  . . .     SeeInvis +     x - +2,+0 spear (venom)
rCold  + . .     Clarity  .     G - +2 robe {MR+}
rNeg   + . .     Conserve .     (no shield)
rPois  .         rCorr    .     b - +0 hat
rElec  .         rRot     .     (no cloak)
SustAb . .       Spirit   .     (no gloves)
rMut   .         Warding  .     (no boots)
Saprov . . .     Stasis   +     g - amulet of stasis
MR     +....                    n - ring of protection from cold
                                k - +5,+4 ring of slaying {unknown}

@: somewhat resistant to hostile enchantments, stealthy
A: bottle blood, fangs 3, see invisible, unbreathing
a: Bat Form, Bottle Blood, Channel Energy, Forget Spell, Renounce Religion


You were on level 8 of the Dungeon.
You worshipped Sif Muna.
Sif Muna was pleased with you.
You were not thirsty.

You visited 1 branch of the dungeon, and saw 8 of its levels.

You collected 398 gold pieces.

Inventory:

Hand weapons
 f - a +0,+2 hand axe
 j - a +2,+0 spear
 x - a +2,+0 spear of venom (weapon)
 E - a +3,+0 flail of crushing
Missiles
 e - a dart of dispersal (quivered)
 q - 22 darts
Armour
 a - a +0 robe
 b - a +0 hat (worn)
 G - a +2 robe of magic resistance (worn)
Magical devices
 A - a wand of polymorph (18) {unknown}
 L - a wand of confusion (14) {unknown}
 Q - a wand of magic darts (9)
Scrolls
 d - a scroll of enchant weapon I {unknown}
 i - 15 scrolls of identify {unknown}
 m - 3 scrolls of random uselessness {unknown}
 o - 3 scrolls of remove curse
 s - 3 scrolls of enchant weapon II {unknown}
 t - 3 scrolls of magic mapping
 u - 2 scrolls of immolation {unknown}
 v - a scroll of fog {unknown}
 y - 3 scrolls of blinking {unknown}
 D - 2 scrolls of amnesia {unknown}
 F - 2 scrolls of teleportation {unknown}
 H - 2 scrolls of fear {unknown}
 K - a scroll of noise {unknown}
Jewellery
 g - an amulet of stasis (around neck)
 k - a +5,+4 ring of slaying (left hand) {unknown}
 n - a ring of protection from cold (right hand)
 M - an uncursed amulet of resist mutation {unknown}
 N - an uncursed ring of flight {unknown}
Potions
 h - a potion of mutation {unknown}
 l - 8 potions of curing
 p - a potion of agility {unknown}
 r - 2 potions of poison {unknown}
 w - 2 potions of lignification {unknown}
 z - 2 potions of heal wounds {unknown}
 B - 2 potions of restore abilities {unknown}
 C - a potion of brilliance {unknown}
 I - 2 potions of invisibility {unknown}
 J - a potion of berserk rage {unknown}
 R - 2 potions of confusion {unknown}
Books
 c - a book of Minor Magic

   Spells                             Type                      Level
   *Magic Dart                        Conjuration                  1
   *Blink                             Translocation                2
   *Call Imp                          Summoning                    2
   *Repel Missiles                    Charms/Air                   2
   *Slow                              Hexes                        2
   Conjure Flame                      Conjuration/Fire             3
   Mephitic Cloud                     Conjuration/Poison/Air       3
 P - a book of Air

   Spells                             Type                      Level
   Shock                              Conjuration/Air              1
   Swiftness                          Charms/Air                   2
   *Repel Missiles                    Charms/Air                   2
   Flight                             Charms/Air                   3
   Static Discharge                   Conjuration/Air              3
   Lightning Bolt                     Conjuration/Air              5
Magical staves
 O - an uncursed staff of cold {unknown}


   Skills:
 - Level 2.1 Dodging
 - Level 3.0 Stealth
 + Level 5.7 Spellcasting
 * Level 0.8 Conjurations
 * Level 2.3 Hexes
 - Level 2.1 Charms
 - Level 9.0 Summonings
 - Level 1.0 Translocations
 + Level 2.2 Air Magic


You had 9 spell levels left.
You knew the following spells:

 Your Spells              Type           Power        Failure   Level  Hunger
a - Magic Dart            Conj           #...         10%         1    None
b - Call Imp              Summ           #####...     1%          2    None
c - Blink                 Tloc           N/A          12%         2    None
d - Slow                  Hex            ###.....     8%          2    None
e - Repel Missiles        Chrm/Air       ###...       8%          2    None


Dungeon Overview and Level Annotations

Branches:
Dungeon (8/15)
 Temple: D:4-7         Lair: D:8-11

Altars:
Ashenzari
Cheibriados
Kikubaaqudgha
Nemelex Xobeh
Okawaru
Sif Muna
The Shining One


Innate Abilities, Weirdness & Mutations

You can bottle blood from corpses.
You have razor-sharp teeth.*
You have supernaturally acute eyesight.
You can survive without breathing.*


Message History

You feel blessed for a moment.
It was a scroll of remove curse.
Your shadow imp completely misses the orc.
Your iron imp misses the orc wizard.
The kobold barely misses you. The orc barely misses your shadow imp.
Read which item? (? for menu, Esc to quit)
As you read the scroll labeled MOCKUIPRIL, it crumbles to dust.
You feel aware of your surroundings.
It was a scroll of magic mapping.
Your shadow imp closely misses the orc warrior.
The orc wizard casts a spell at you. The magic dart hits your iron imp.
The orc warrior barely misses you. The kobold hits you but does no damage.
Your iron imp hits the orc wizard!
The orc barely misses your shadow imp.
Drink which item? (? for menu, Esc to quit)
You feel better.
It was a potion of curing.
Your shadow imp barely misses the orc warrior.
The orc wizard hits your iron imp with a dagger.
Your iron imp dies!
The kobold hits you but does no damage.
The orc warrior hits you from afar with a glaive!
You die...

,,,,,,,,................,,,,****
,,,,,....................<,,**
,,,,......................,,,*
..........................,,,**
...........................,,,*
............#...............,,*
............#.o..oo#.......,,,*
.................K5.....#******
................@.......#
......#................##
......#...##...........#
.......#########......##
........# #...#### ........#
##### .####...# .# ##### ##


You could see an orc warrior, an orc wizard, an orc, a kobold and a friendly
shadow imp.

Vanquished Creatures
  Prince Ribbit (D:4)
  A black bear (D:7)
  A sky beast (D:7)
  An ogre (D:5)
  A yellow wasp (D:8)
  A centaur (D:5)
  2 giant frogs (D:7)
  A crimson imp (D:7)
  2 worker ants
  2 hounds
  A two-headed ogre skeleton (D:7)
  Jessica (D:2)
  A big kobold zombie (D:8)
  11 adders
  A worm (D:7)
  A giant eyeball (D:3)
  4 giant geckos
  An ooze (D:1)
  4 orcs
  13 bats
  A bat skeleton (D:5)
  4 giant cockroaches
  11 hobgoblins
  4 quokkas
  4 giant newts
  A giant spore (D:6)
  9 goblins
  A goblin zombie (D:5)
  A hobgoblin zombie (D:5)
  9 kobolds
  12 rats
  A rat skeleton (D:4)
  4 ballistomycetes (D:6)
  2 butterflies (D:5)
115 creatures vanquished.

Vanquished Creatures (collateral kills)
  A necrophage (D:7)
  Edmund (D:4)
  2 black bears
  2 ice beasts
  A phantom (D:7)
  3 ogres
  A centaur (D:7)
  2 giant frogs (D:6)
  A scorpion (D:6)
  A hippogriff skeleton (D:6)
  A crimson imp (D:6)
  An orc priest (D:5)
  An orc wizard (D:5)
  A worker ant (D:7)
  2 adders
  A worm (D:8)
  A giant gecko (D:2)
  3 orcs
  4 bats
  A giant cockroach (D:3)
  6 goblins
  6 hobgoblins
  A kobold (D:7)
  2 quokkas
  A jackal (D:3)
  4 rats
  A ballistomycete (D:6)
52 creatures vanquished.

Vanquished Creatures (others)
  15 crimson imps
  3 iron imps
  3 shadow imps
  7 white imps
28 creatures vanquished.

Grand Total: 195 creatures vanquished

Notes
Turn   | Place    | Note
--------------------------------------------------------------
     0 | D:1      | Duskembrace, the Vampire Wizard, began the quest for the Orb.
     0 | D:1      | Reached XP level 1. HP: 13/13 MP: 4/4
   386 | D:1      | Reached XP level 2. HP: 13/19 MP: 0/6
   390 | D:1      | Learned a level 2 spell: Call Imp
   393 | D:1      | Learned a level 2 spell: Blink
  1141 | D:2      | Reached XP level 3. HP: 20/24 MP: 4/8
  1327 | D:2      | Noticed Jessica
  1335 | D:2      | Killed Jessica
  2088 | D:2      | Reached XP level 4. HP: 28/30 MP: 1/10
  3693 | D:3      | Reached skill level 4 in Summonings
  3713 | D:3      | Learned a level 2 spell: Slow
  3716 | D:3      | Learned a level 2 spell: Repel Missiles
  3722 | D:4      | Noticed Prince Ribbit
  3745 | D:4      | Killed Prince Ribbit
  3745 | D:4      | Reached skill level 5 in Summonings
  3745 | D:4      | Reached XP level 5. HP: 33/35 MP: 2/11
  3821 | D:4      | Found a shattered altar of Ashenzari.
  4883 | D:4      | Noticed an ogre
  4890 | D:4      | Killed an ogre
  4890 | D:4      | Reached XP level 6. HP: 41/41 MP: 8/13
  5045 | D:4      | Noticed Edmund
  5064 | D:4      | Killed Edmund
  5064 | D:4      | Reached skill level 6 in Summonings
  5340 | D:4      | Found a glowing golden altar of the Shining One.
  5340 | D:4      | Found a snail-covered altar of Cheibriados.
  5407 | D:5      | Entered Level 5 of the Dungeon
  5890 | D:5      | Reached skill level 7 in Summonings
  5892 | D:5      | Reached XP level 7. HP: 10/46 MP: 6/15
  6803 | D:5      | Found an ancient bone altar of Kikubaaqudgha.
  6864 | D:5      | Found a sparkling altar of Nemelex Xobeh.
  7051 | D:5      | Reached skill level 8 in Summonings
  7178 | D:6      | Found a deep blue altar of Sif Muna.
  7179 | D:6      | Found an iron altar of Okawaru.
  7187 | D:6      | Became a worshipper of Sif Muna the Loreminder
  7482 | D:6      | Reached skill level 9 in Summonings
  7933 | D:6      | Reached XP level 8. HP: 52/52 MP: 10/17
  8008 | D:7      | Reached skill level 1 in Translocations
  8147 | D:7      | Acquired Sif Muna's first power
  8147 | D:7      | Reached skill level 1 in Charms
  8147 | D:7      | Reached skill level 1 in Air Magic
  8999 | D:7      | Reached skill level 1 in Hexes
  9292 | D:7      | Noticed a polar bear
  9292 | D:7      | Noticed a polar bear
  9292 | D:7      | Noticed a polar bear
  9439 | D:7      | Reached skill level 5 in Spellcasting
  9937 | D:8      | Acquired Sif Muna's second power
 10330 | D:8      | Mangled by an orc warrior

Action                   |  1- 3 |  4- 6 |  7- 9 || total
-------------------------+-------+-------+-------++-------
Melee: Unarmed           |     1 |       |       ||     1
       Spear             |    57 |    86 |   179 ||   322
Throw: Dart              |       |       |     1 ||     1
 Cast: Magic Dart        |    24 |       |       ||    24
       Call Imp          |    20 |    46 |    89 ||   155
  Use: Scroll            |       |       |     2 ||     2
       Potion            |       |       |     1 ||     1
 Stab: Sleeping          |     1 |     3 |     1 ||     5
       Distracted        |       |     1 |     1 ||     2
